 Dungeon Crawl Stone Soup version 0.32-a0-42-ga30500b4d3 (webtiles) character file.

Game seed: 13278413159698327892

3686 grandjackal the Fighter (level 9, -1/74 (76) HPs)
             Began as a Demonspawn Gladiator on Jan 29, 2024.
             Was a Believer of Nemelex Xobeh.
             Slain by Maggie
             ... wielding a +0 glaive
              (8 damage)
             ... on level 8 of the Dungeon.
             The game lasted 00:11:13 (8445 turns).

grandjackal the Fighter (Demonspawn Gladiator)      Turns: 8445, Time: 00:11:14

HP:   -1/74 (76)    AC:  8    Str: 20    XL:     9   Next: 90%
MP:   15/15         EV: 12    Int:  9    God:    Nemelex Xobeh [**....]
Gold: 643           SH:  0    Dex: 19    Spells: 8/8 levels left

rFire   . . .        m - +4 sling (freeze)
rCold   . . .        (no shield)
rNeg    . . .        q - +0 scale mail
rPois   +            (helmet restricted)
rElec   .            (no cloak)
rCorr   .            j - +0 pair of gloves
SInv    .            f - +0 pair of boots
Will    .....        h - amulet of the acrobat
Stlth   +            o - +6 ring of strength
HPRegen 0.32/turn    p - ring of poison resistance
MPRegen 0.14/turn

%: acrobat
@: hasted, lightly drained, very quick
A: antennae 2, ignite blood 2, sturdy frame 1, demonic magic 1
a: Renounce Religion, Draw Escape, Draw Destruction, Draw Summoning


You were on level 8 of the Dungeon.
You worshipped Nemelex Xobeh.
Nemelex Xobeh was pleased with you.
You visited 2 branches of the dungeon, and saw 9 of its levels.
You also visited: Sewer and Ossuary.

You collected 643 gold pieces.

Inventory:

Hand Weapons
 a - a +0 long sword
 m - a +4 sling of freezing (weapon)
 D - a +0 longbow
Missiles
 d - 4 throwing nets
 e - 3 javelins
Armour
 f - a +0 pair of boots (worn)
 j - a +0 pair of gloves (worn)
 q - a +0 scale mail (worn)
Jewellery
 h - an amulet of the acrobat (around neck)
 o - a +6 ring of strength (left hand)
 p - a ring of poison resistance (right hand)
 u - a ring of protection from cold
Wands
 c - a wand of charming (13)
 E - a wand of polymorph (9)
 F - a wand of digging (5)
 L - a wand of roots (4)
Scrolls
 b - a scroll of noise
 i - a scroll of immolation
 k - a scroll of teleportation {unknown}
 r - 2 scrolls of enchant weapon
 v - 2 scrolls of fear {unknown}
 x - a scroll of fog {unknown}
 y - a scroll of revelation {unknown}
 C - a scroll of blinking {unknown}
 G - a scroll of poison {unknown}
 M - a scroll of summoning {unknown}
 N - a scroll of enchant armour {unknown}
Potions
 g - 2 potions of berserk rage {unknown}
 l - 5 potions of mutation
 n - 4 potions of attraction
 s - 6 potions of curing
 t - 4 potions of brilliance {unknown}
 w - 3 potions of haste
 z - a potion of cancellation {unknown}
 A - 2 potions of heal wounds {unknown}
 B - 2 potions of invisibility {unknown}
 H - a potion of magic {unknown}
 I - a potion of might {unknown}
 J - a potion of resistance {unknown}
 K - a potion of enlightenment {unknown}


   Skills:
 + Level 9.2 Fighting
 - Level 3.0 Long Blades
 + Level 7.9 Ranged Weapons
 - Level 2.0 Throwing
 - Level 3.0 Dodging
 + Level 8.3 Invocations


You had 8 spell levels left.
You didn't know any spells.
Your spell library contained the following spells:

 Spells                   Type           Power      Damage    Failure   Level
 Foxfire                  Conj/Fire      0%         2x1d4     63%         1
 Kiss of Death            Conj/Necr      0%         2d5       63%         1
 Call Imp                 Summ           0%         N/A       77%         2
 Sublimation of Blood     Necr           0%         N/A       77%         2
 Confusing Touch          Hex            0%         N/A       94%         3
 Dispel Undead            Necr           0%         3d6       100%        4
 Plasma Beam              Fire/Air       0%         2x1d10    100%        6
 Starburst                Conj/Fire      0%         6d3       100%        6
 Summon Hydra             Summ           0%         N/A       100%        7


Dungeon Overview and Level Annotations

Branches:
Dungeon (8/15)             Temple (1/1) D:4           Sewer (visited)
Ossuary (visited)
   Lair: D:8-11

Altars:
Ashenzari
Cheibriados
Gozag
Hepliaklqana
Kikubaaqudgha
Makhleb
Nemelex Xobeh
Okawaru
Qazlal
Ru
Trog
Vehumet
Wu Jian
Yredelemnul

Shops:
D:1 [

Annotations:
D:8 1 runed translucent door, AlmostDecent's ghost, novice GnIE; Maggie


Innate Abilities, Weirdness & Mutations

You have a pair of antennae on your head.
Your demonic aura often causes spilled blood to erupt in flames.
Your movements are slightly less encumbered by armour. (ER -2)
Spells you cast may paralyse adjacent enemies.


Message History

A killer bee comes into view.
The wight zaps a wand.
The puff of flame misses you.
As you read the scroll labelled EPSINE GAUZAICWI, it crumbles to dust.
The creatures around you are filled with an inner flame!
It was a scroll of immolation.
The wight zaps a wand.
The puff of flame hits you.
Maggie points at you and mumbles some strange words.
The bolt of fire hits you!
A killer bee comes into view.
The wight attacks as it pursues you! The wight misses you.
Things that are here:
a +0 spear; a +0 robe You shoot a sling bullet.
The killer bee buzzes angrily.
The sling bullet hits the killer bee!
The sling bullet freezes the killer bee.
The killer bee is almost dead.
You hear an angry buzzing noise.
The killer bee stings you. The killer bee barely misses you.
The wight zaps a wand.
The puff of flame hits you!
* * * LOW HITPOINT WARNING * * *
Maggie gives herself a magical halo, but it quickly sputters out.
The killer bee closely misses you.
The killer bee stings you but does no damage.
Okay, then.
You feel yourself speed up. The killer bee stings you!
* * * LOW HITPOINT WARNING * * *
The killer bee closely misses you. Maggie barely misses you.
The wight hits you from afar with a +4 spear.
* * * LOW HITPOINT WARNING * * *
The killer bee barely misses you. x2
Unknown command.
You feel better. The killer bee stings you.
* * * LOW HITPOINT WARNING * * *
The killer bee stings you but does no damage.
The wight zaps a wand.
The puff of flame hits you.
* * * LOW HITPOINT WARNING * * *
Maggie hits you from afar with a +0 glaive!
You die...
Your body glows slightly and disappears.

...$.# .....# #.#..#
#.#..# #.#..#
#.#######....#
#..........@.####
#####.......y...#
#...†z.@y...#
#..###+###y.#
.#####..#∩.3W∩#..$>.. .
.....#..#.....#.......
#.##.#....#∩.$.∩#..####.
.#)..#...#....P#..#
{..#.....#∩...∩#.)#
#.#...##..#.....#...
#.##.# #..#∩.:..#


You could see Maggie (inner flame), a ynoxinul, 3 killer bees, a wight (inner
flame) and AlmostDecent's ghost.

Vanquished Creatures
  Grinder (D:6)
  Sigmund (D:2)
  A wyvern (D:4)
  Menkaure (D:7)
  A steam dragon (D:8)
  An ogre (D:5)
  2 ice beasts
  A centaur (D:6)
  2 phantoms
  2 kobold brigands (D:6)
  2 bullfrogs
  6 scorpions
  2 gnoll sergeants
  4 wights (D:8)
  2 orc priests (D:6)
  5 bombardier beetles
  A jelly (D:6)
  A gnoll bouda (D:7)
  7 hounds
  3 iron imps (D:3)
  A sleepcap (D:4)
  Terence (D:2)
  4 iguanas
  7 orc wizards
  8 mummies (Ossuary)
  20 gnolls
  4 adders
  7 river rats (Sewer)
  2 shadow imps (D:6)
  A white imp (D:7)
  3 dart slugs
  3 ribbon worms
  13 orcs
  8 ball pythons
  A bat (D:2)
  5 endoplasms
  3 giant cockroaches
  6 goblins
  9 hobgoblins
  3 jackals (D:2)
  31 kobolds
  3 quokkas
  6 frilled lizards
  A gnoll zombie (Ossuary)
  3 hobgoblin zombies (Ossuary)
  A kobold zombie (Ossuary)
  3 orc zombies (Ossuary)
  27 rats
230 creatures vanquished.

Notes
Turn   | Place    | Note
-------+----------+-------------------------------------------
     0 | D:1      | grandjackal the Demonspawn Gladiator began the quest for
                  | the Orb.
     0 | D:1      | Reached XP level 1. HP: 16/16 MP: 1/1
   231 | D:1      | Gained mutation: Your movements are slightly less
                  | encumbered by armour. (ER -2) [demonic ancestry]
   231 | D:1      | Reached XP level 2. HP: 22/22 MP: 2/2
   747 | D:1      | Found Ohuuwiw's Armour Shoppe.
  1060 | D:2      | Gained mutation: Your demonic aura sometimes causes spilled
                  | blood to erupt in flames. [demonic ancestry]
  1060 | D:2      | Reached XP level 3. HP: 22/28 MP: 3/3
  1142 | D:2      | Reached skill level 1 in Ranged Weapons
  1182 | D:2      | Noticed Terence
  1189 | D:2      | Killed Terence
  1190 | D:2      | Reached skill level 3 in Fighting
  1190 | D:2      | Gained mutation: Your demonic aura often causes spilled
                  | blood to erupt in flames. [demonic ancestry]
  1190 | D:2      | Reached XP level 4. HP: 27/35 MP: 4/4
  1347 | D:2      | Noticed Sigmund
  1403 | D:2      | Killed Sigmund
  1404 | D:2      | Reached skill level 4 in Fighting
  1404 | D:2      | Gained mutation: You have a pair of small antennae on your
                  | head. [demonic ancestry]
  1404 | D:2      | Reached XP level 5. HP: 31/42 MP: 5/5
  1982 | D:3      | Gained mutation: Spells you cast may paralyse adjacent
                  | enemies. [demonic ancestry]
  1982 | D:3      | Reached XP level 6. HP: 49/49 MP: 6/6
  2128 | D:3      | Found a hazy altar of Hepliaklqana.
  2845 | D:3      | Found a burning altar of Makhleb.
  2852 | D:3      | Reached skill level 5 in Fighting
  3070 | D:4      | Found a glowing drain.
  3079 | Sewer    | Entered a sewer
  3273 | Sewer    | Reached XP level 7. HP: 56/56 MP: 7/7
  3717 | D:4      | Reached skill level 6 in Fighting
  3820 | D:4      | Reached skill level 5 in Ranged Weapons
  4016 | D:4      | Found a staircase to the Ecumenical Temple.
  4028 | Temple   | Entered the Ecumenical Temple
  4110 | Temple   | Became a worshipper of Nemelex Xobeh the Trickster
  4151 | D:4      | Noticed a wyvern
  4155 | D:4      | Killed a wyvern
  4156 | D:4      | Gained mutation: You have a pair of antennae on your head.
                  | [demonic ancestry]
  4156 | D:4      | Reached XP level 8. HP: 65/65 MP: 7/9
  4407 | D:5      | Entered Level 5 of the Dungeon
  4559 | D:5      | Found an opulent altar of Gozag.
  4592 | D:5      | Reached skill level 7 in Fighting
  4688 | D:5      | Found an ornate altar of the Wu Jian Council.
  4711 | D:5      | Identified the +10 quarterstaff of Division {holy, rElec}
  4774 | D:5      | Found a radiant altar of Vehumet.
  5420 | D:6      | Reached skill level 5 in Invocations
  5630 | D:6      | Reached * piety under Nemelex Xobeh
  5726 | D:6      | Received a gift from Nemelex Xobeh
  5821 | D:6      | Reached XP level 9. HP: 74/74 MP: 13/13
  5901 | D:6      | Noticed Grinder
  5913 | D:6      | Killed Grinder
  5914 | D:6      | Reached skill level 8 in Fighting
  6906 | D:7      | Found a broken altar of Ashenzari.
  6989 | D:7      | Found a sand-covered staircase.
  7120 | Ossuary  | Entered an ossuary
  7850 | D:7      | Found a sacrificial altar of Ru.
  7873 | D:7      | Found an iron altar of Okawaru.
  7946 | D:7      | Found an ancient bone altar of Kikubaaqudgha.
  7954 | D:7      | Reached ** piety under Nemelex Xobeh
  8030 | D:7      | Noticed Menkaure
  8034 | D:7      | Killed Menkaure
  8358 | D:8      | Noticed AlmostDecent's ghost (novice GnIE)
  8365 | D:8      | Reached skill level 9 in Fighting
  8374 | D:8      | Found a runed translucent door.
  8436 | D:8      | Noticed Maggie
  8445 | D:8      | Slain by Maggie

Illustrated notes

Levels and vault maps discovered:
D:1:      dpeg_arrival_radiant, layout_loops_ring, serial_shops, shop,
          minmay_misc_feat_columns, grunt_decor_one_mirror,
          wander_ebering_terrifying_dragon_lair
D:2:      minmay_diamond_boxcup, layout_loops_ring, uniq_terence, uniq_sigmund
D:3:      layout_basic, demons_altar, nzn_hepliaklqana_mist_gate,
          minmay_surrounded
D:4:      layout_rooms, minmay_temple_entry_glass, cheibrodos_sewer_entry_drain
D:5:      layout_rooms, nicolae_wu_jian_wuxing_cycle,
          mainiacjoe_overflow_alcove_4, lemuel_coloured_pillars_altar
D:6:      layout_layer_cave, mainiacjoe_overflow_catwalk, reono_crystal_passage,
          uniq_grinder
D:7:      layout_cave_pods, mainiacjoe_overflow_brackets,
          mainiacjoe_overflow_alcove_2, mainiacjoe_overflow_cross_hatched,
          mainiacjoe_overflow_24_doors, enter_ossuary_3, enter_bailey_7,
          uniq_menkaure
D:8:      layout_loops_ring, lemuel_round_altar, fedhas_bush_and_centaur_altar,
          gammafunk_temple_overflow_wave, hellmonk_ghost_big_iron, uniq_maggie
Temple:   hellmonk_temple_beads

Skill      XL: |  1  2  3  4  5  6  7  8  9 |
---------------+----------------------------+-----
Throwing       | 2 |  2.0
Long Blades    | 3 |  3.0
Dodging        | 3 |  3.0
Ranged Weapons | 1 3 4 5 6 7 |  7.9
Fighting       | 3 4 5 6 7 9 |  9.2
Invocations    | 2 5 8 |  8.3

Action                     |  1- 3 |  4- 6 |  7- 9 || total
---------------------------+-------+-------+-------++-------
  Melee: Long sword        |    86 |    14 |       ||   100
         Sling             |       |     1 |       ||     1
   Fire: Sling             |       |   142 |   540 ||   682
    Use: Scroll            |       |       |     8 ||     8
         Potion            |       |       |     2 ||     2
   Stab: Sleeping          |     1 |       |       ||     1
 Armour: Ring mail         |    63 |       |       ||    63
         Leather armour    |     2 |       |       ||     2
         Scale mail        |       |    48 |   238 ||   286
  Dodge: Dodged            |    70 |    49 |   181 ||   300

Table legend: (Time is in decaauts)
 A = Elapsed time spent in this place.
 B = Non-inter-level travel time spent in this place.
 C = Inter-level travel time spent in this place.
 D = Time resting spent in this place.
 E = Time spent auto-exploring this place.
 F = Levels seen in this place.
 G = Mean time per level.
                   A        B        C        D        E       F      G
               +--------+--------+--------+--------+--------+-----+--------+
         Total |   8623 |   8445 |    178 |   1372 |   5116 |  11 |  783.9 |
       Dungeon |   7435 |   7297 |    138 |   1020 |   4903 |   8 |  929.4 |
        Temple |     95 |     55 |     40 |      0 |      0 |   1 |   95.0 |
         Sewer |    570 |    570 |      0 |     78 |    207 |   1 |  570.0 |
       Ossuary |    521 |    521 |      0 |    274 |      6 |   1 |  521.0 |
               +--------+--------+--------+--------+--------+-----+--------+

Top non-repeatable levels by time:
     D:6: 1481 daAuts
     D:3: 1269 daAuts
     D:7: 1073 daAuts
     D:2: 922 daAuts
     D:5: 921 daAuts
     D:1: 911 daAuts
     D:4: 748 daAuts
   Sewer: 570 daAuts
 Ossuary: 521 daAuts
     D:8: 108 daAuts
  Temple: 95 daAuts
